 Dungeon Crawl Stone Soup version 0.29-a0-284-gf9362112df (webtiles) character file.

Game seed: 16537226842112785394

76 being54 the Skirmisher (level 4, -10/29 HPs)
             Began as a Gargoyle Fighter on Mar 21, 2022.
             Mangled by a gnoll sergeant
             ... wielding a +5 vorpal spear
              (12 damage)
             ... on level 3 of the Dungeon.
             The game lasted 00:03:28 (2494 turns).

being54 the Skirmisher (Gargoyle Fighter)           Turns: 2494, Time: 00:03:29

Health: -10/29     AC: 14    Str: 22    XL:     4   Next: 32%
Magic:  4/4        EV:  5    Int:  8    God:
Gold:   57         SH: 11    Dex:  9    Spells: 3/3 levels left

rFire   + . .      SeeInvis .   a - +1 flail
rCold   . . .      Faith    .   g - +0 tower shield
rNeg    + . .      Spirit   .   b - +0 scale mail
rPois   ∞          Reflect  .   h - +2 hat
rElec   +          Harm     .   (no cloak)
rCorr   .          Rampage  .   f - +0 pair of gloves
Will    .....                   e - +0 pair of boots
Stlth   ..........              (no amulet)
HPRegen 0.09/turn               k - ring of protection from fire
MPRegen 0.09/turn               (no ring)

@: no status effects
A: sickness immunity, AC +3, negative energy resistance 1, electricity
resistance, torment resistance 1, petrification resistance
a: no special abilities


You were on level 3 of the Dungeon.
You visited 1 branch of the dungeon, and saw 3 of its levels.

You collected 57 gold pieces.

Inventory:

Hand Weapons
 a - a +1 flail (weapon)
Armour
 b - a +0 scale mail (worn)
 e - a +0 pair of boots (worn)
 f - a +0 pair of gloves (worn)
 g - a +0 tower shield (worn)
 h - a +2 hat (worn)
Jewellery
 k - a ring of protection from fire (left hand)
Scrolls
 c - a scroll of teleportation
 m - 2 scrolls of summoning
Potions
 d - a potion of might
 i - 2 potions of lignification
 j - a potion of flight {unknown}
 l - a potion of curing {unknown}


   Skills:
 + Level 4.1 Fighting
 * Level 3.8 Maces & Flails
 - Level 3.3 Armour
 - Level 3.3 Shields


You had 3 spell levels left.
You didn't know any spells.
Your spell library was empty.

Dungeon Overview and Level Annotations

Branches:
Dungeon (3/15)

Altars:

Shops:
D:1 :


Innate Abilities, Weirdness & Mutations

You are immune to sickness and miasma.
Your stone body is resilient. (AC +3)
You are immune to poison.
You resist negative energy. (rN+)
You are resistant to electric shocks. (rElec)
You are resistant to unholy torment.
You are immune to petrification.


Message History

You block the gnoll's attack. x2
You hit the gnoll.
You kill the gnoll!
You have reached level 4!
You feel stronger.
You climb downwards.
You block the rat's attack. You block the gnoll's attack.
There is a stone staircase leading up here.
You block the rat's attack. The gnoll hits you but does no damage.
You climb upwards.
There is a stone staircase leading down here.
You hit the rat.
You kill the rat!
The gnoll hits you with a +0 whip. You block the gnoll's attack.
Things that are here:
a +0 whip; a +0 flail; a gnoll corpse You thump the gnoll!
The gnoll is severely wounded.
The gnoll hits you but does no damage. You block the gnoll's attack.
You sock the gnoll!
You kill the gnoll!
There is a stone staircase leading down, spattered with blood here.
Things that are here:
a +0 whip; a gnoll corpse
Things that are here:
4 stones; a +0 club
There is a stone staircase leading down, spattered with blood here.
Things that are here:
a +0 whip; a gnoll corpse You start resting.
HP restored.
You climb downwards.
There is a stone staircase leading up here.
The gnoll sergeant hits you from afar with a +5 vorpal spear.
The gnoll sergeant hits you with a +5 vorpal spear!
You see here a +0 club.
You barely miss the gnoll sergeant.
The gnoll sergeant hits you with a +5 vorpal spear!
* * * LOW HITPOINT WARNING * * *
x2 The gnoll sergeant hits you with a +5 vorpal spear!
You die...

.. . .. .... .
.#.##. .....
#.#.##
.##+#....
.......g#######
.......@'......
........#######
........<#
##########


You could see a gnoll sergeant.

Vanquished Creatures
  4 gnolls
  A worm (D:2)
  A dart slug (D:2)
  4 ball pythons (D:1)
  3 bats
  4 endoplasms
  A giant cockroach (D:2)
  2 hobgoblins
  2 kobolds (D:2)
  2 quokkas (D:1)
  3 frilled lizards
  5 goblins (D:1)
  A rat (D:2)
33 creatures vanquished.

Notes
Turn   | Place    | Note
-------+----------+-------------------------------------------
     0 | D:1      | being54 the Gargoyle Fighter began the quest for the Orb.
     0 | D:1      | Reached XP level 1. HP: 14/14 MP: 1/1
   446 | D:1      | Found Molaenamo's Book Boutique.
   448 | D:1      | Reached XP level 2. HP: 19/19 MP: 2/2
   528 | D:1      | Found a faded altar of an unknown god.
  1308 | D:2      | Reached XP level 3. HP: 23/24 MP: 3/3
  2142 | D:3      | Noticed a gnoll sergeant
  2151 | D:2      | Reached skill level 4 in Fighting
  2423 | D:2      | Reached XP level 4. HP: 25/29 MP: 4/4
  2494 | D:3      | Mangled by a gnoll sergeant

Illustrated notes

Levels and vault maps discovered:
D:1:      dpeg_arrival_lava_temple_mockup, layout_rooms, serial_shops,
          nicolae_shop_trees, ebering_ecumenical_altar_box,
          kennysheep_pointless_box, chequers_garden
D:2:      cheibrodos_old_hovel, layout_basic
D:3:      layout_basic, general_overflow_altar, mainiacjoe_overflow_catwalk,
          kennysheep_generic_room_3, uniq_robin

Skill      XL: |  1  2  3 |
---------------+----------+-----
Maces & Flails | 3 |  3.8
Fighting       | 4 |  4.1
Armour         | |  3.3
Shields        | |  3.3

Action                   |  1- 3 |  4- 6 || total
-------------------------+-------+-------++-------
Melee: Flail             |   116 |     4 ||   120
  Use: Scroll            |     7 |       ||     7
Armor: Scale mail        |   101 |     2 ||   103
Dodge: Dodged            |    47 |       ||    47
Block: Buckler           |    21 |       ||    21
       Tower shield      |    36 |     5 ||    41

Table legend: (Time is in decaauts)
 A = Elapsed time spent in this place.
 B = Non-inter-level travel time spent in this place.
 C = Inter-level travel time spent in this place.
 D = Time resting spent in this place.
 E = Time spent auto-exploring this place.
 F = Levels seen in this place.
 G = Mean time per level.
                   A        B        C        D        E       F      G
               +--------+--------+--------+--------+--------+-----+--------+
         Total |   2551 |   2481 |     70 |    699 |   1424 |   3 |  850.3 |
       Dungeon |   2551 |   2481 |     70 |    699 |   1424 |   3 |  850.3 |
               +--------+--------+--------+--------+--------+-----+--------+

Top non-repeatable levels by time:
     D:1: 1283 daAuts
     D:2: 1244 daAuts
     D:3: 24 daAuts
